 Seeded DCSS version 0.29.1-12-g30fa7ad0bf (webtiles) character file.

Game seed: 8801078753918749808 (custom seed)

58 purpskrrrp the Vexing (level 3, -1/20 HPs)
             Began as a Deep Elf Arcane Marksman on Jan 14, 2023.
             Slain by a ball python (2 damage)
             ... on level 3 of the Dungeon.
             The game lasted 00:04:10 (2172 turns).

purpskrrrp the Vexing (Deep Elf Arcane Marksman)    Turns: 2172, Time: 00:04:12

Health: -1/20      AC:  4    Str: 11    XL:     3   Next: 75%
Magic:  9/9        EV: 10    Int: 19    God:
Gold:   34         SH:  0    Dex: 17    Spells: 3/7 levels left

rFire   . . .      SeeInvis .   u - +10 rapier "Vuexoed" {elec, *Rage rPois Str+4 Dex+2}
rCold   . . .      Faith    .   (no shield)
rNeg    . . .      Spirit   .   c - +0 robe
rPois   +          Reflect  .   (no helmet)
rElec   .          Harm     .   s - scarf {repulsion}
rCorr   .          Rampage  .   (no gloves)
Will    .....      Rage     20% g - +1 pair of boots
Stlth   ++........              (no amulet)
HPRegen 0.06/turn               (no ring)
MPRegen 0.11/turn               (no ring)

@: constricted, repel missiles
A: no striking features
a: no special abilities


You were on level 3 of the Dungeon.
You visited 1 branch of the dungeon, and saw 3 of its levels.

You collected 34 gold pieces.

Inventory:

Hand Weapons
 a - a +1 sling
 u - the +10 rapier "Vuexoed" (weapon) {elec, *Rage rPois Str+4 Dex+2}
   (You found it on level 3 of the Dungeon)

   It occasionally discharges a powerful burst of electricity upon striking a
   foe.
   Str:       It affects your strength (+4).
   Dex:       It affects your dexterity (+2).
   rPois:     It protects you from poison.
   *Rage:     It berserks you when you make melee attacks (+20% chance).
Armour
 c - a +0 robe (worn)
 g - a +1 pair of boots (worn)
 k - a +0 cloak
 s - a scarf of repulsion (worn)
Jewellery
 p - a ring of flight
Scrolls
 b - a scroll of poison
 d - a scroll of identify
 f - 2 scrolls of silence
 i - 2 scrolls of fear {unknown}
 j - a scroll of blinking {unknown}
 l - a scroll of enchant armour {unknown}
 n - 2 scrolls of amnesia {unknown}
 t - 3 scrolls of teleportation {unknown}
Potions
 e - 2 potions of flight
 h - 2 potions of might
 m - a potion of heal wounds {unknown}
 o - a potion of cancellation {unknown}
 q - 3 potions of invisibility {unknown}
 r - a potion of haste {unknown}


   Skills:
 - Level 1.2 Fighting
 + Level 3.3 Ranged Weapons
 + Level 3.0 Dodging
 + Level 0.9 Stealth
 * Level 2.7 Spellcasting
 + Level 4.5 Hexes


You had 3 spell levels left.
You knew the following spells:

 Your Spells              Type           Power      Damage    Failure   Level
a - Slow                  Hex            76%        N/A       2%          1
b - Inner Flame           Hex/Fire       11%        N/A       19%         3

Your spell library contained the following spells:

 Spells                   Type           Power      Damage    Failure   Level
 Portal Projectile        Hex/Tloc       22%        N/A       19%         3
 Cause Fear               Hex            9%         N/A       24%         4
 Chain Lightning          Conj/Air       1%         3d1       100%        9
 Fire Storm               Conj/Fire      1%         7d1       100%        9
 Shatter                  Erth           1%         3d5*      100%        9


Dungeon Overview and Level Annotations

Branches:
Dungeon (3/15)

Altars:


Message History

No target in view!
No target in view!
No target in view!
No target in view!
No target in view!
No target in view!
No target in view!
No target in view!
No target in view!
No target in view!
No target in view!
No target in view!
No target in view!
No target in view!
No target in view!
No target in view!
You feel stronger.
You feel agile.
You hear the crackle of electricity.
u - the +10 rapier "Vuexoed" (weapon)
{elec, *Rage rPois Str+4 Dex+2} A worm and a goblin come into view.
A ball python comes into view.
The goblin hits you but does no damage.
You closely miss the goblin. The goblin hits you but does no damage.
The goblin barely misses you.
The ball python hisses angrily.
You hit the worm.
The worm is lightly wounded.
The ball python closely misses you. The ball python grabs you.
The ball python constricts you. The goblin hits you but does no damage.
The worm bites you.
You closely miss the ball python.
The ball python bites you but does no damage.
The ball python constricts you. The goblin closely misses you.
You closely miss the ball python.
The ball python bites you but does no damage.
The ball python constricts you. The goblin hits you with a +0 club.
The worm bites you!
* * * LOW HITPOINT WARNING * * *
The ball python bites you.
You die...

......##############.#
#####.# #.# #.# ####.#
#)# ..##.# .†. #.##.#
#.# #.##.# #.#
#.#####.##.# #.#
#....wS..#.###
#...g@......#
.........~....#
.....~.~~~~~^....#
####~~#~#~######.#
#~~~~~~~ # #########


You could see a worm, a goblin and a ball python.

Vanquished Creatures
  An adder (D:2)
  A worm (D:2)
  3 dart slugs (D:1)
  4 endoplasms
  A giant cockroach (D:1)
  3 goblins (D:3)
  4 hobgoblins
  4 jackals (D:1)
  A quokka (D:2)
  5 ball pythons
  2 bats (D:1)
  4 frilled lizards
  3 kobolds
  3 rats
39 creatures vanquished.

Notes
Turn   | Place    | Note
-------+----------+-------------------------------------------
     0 | D:1      | purpskrrrp the Deep Elf Arcane Marksman began the quest for
                  | the Orb.
     0 | D:1      | Reached XP level 1. HP: 11/11 MP: 5/5
   252 | D:1      | Reached skill level 1 in Fighting
   341 | D:1      | Reached XP level 2. HP: 16/16 MP: 6/6
  1003 | D:1      | Reached XP level 3. HP: 20/20 MP: 8/8
  1217 | D:1      | Learned a level 3 spell: Inner Flame
  2153 | D:3      | Identified the +10 rapier "Vuexoed" {elec, *Rage rPois
                  | Str+4 Dex+2}
  2172 | D:3      | HP: 1/20 [worm (8)]
  2172 | D:3      | Slain by a ball python

Illustrated notes

Levels and vault maps discovered:
D:1:      scummos_arrival_forest, layout_basic
D:2:      layout_loops_cross
D:3:      layout_loops_ring, lightli_sewer_entry_pipes, minmay_checkerbox

Skill      XL: |  1  2  3 |
---------------+----------+-----
Fighting       | 1 |  1.2
Ranged Weapons | 3 |  3.3
Spellcasting   | 2 |  2.7
Dodging        | 3 |  3.0
Stealth        | |  0.9
Hexes          | |  4.5

Action                   || total
-------------------------++-------
Melee: Rapier            ||     4
 Fire: Sling             ||   102
 Cast: Slow              ||     6
  Use: Scroll            ||     3
Armor: Robe              ||    14
Dodge: Dodged            ||    32
